 Dungeon Crawl Stone Soup version 0.31-a0-174-g85c54bcb58 (webtiles) character file.

Game seed: 7623980331947195893

5294 qw the Skirmisher (level 10, -1/96 HPs)
             Began as a Naga Hunter on June 15, 2023.
             Was a Believer of Okawaru.
             Slain by a yak (6 damage)
             ... on level 9 of the Dungeon.
             The game lasted 00:03:06 (8984 turns).

qw the Skirmisher (Naga Hunter)                     Turns: 8984, Time: 00:03:07

Health: -1/96      AC: 10    Str: 13    XL:     10   Next: 63%
Magic:  12/13      EV: 16    Int:  9    God:    Okawaru [**....]
Gold:   1069       SH:  0    Dex: 20    Spells: 9/9 levels left

rFire   + . .        Y - +1 orcbow
rCold   + + .        (shield currently unavailable)
rNeg    . . .        g - +2 robe {rC+}
rPois   +            (no helmet)
rElec   .            d - scarf {rC+ rF+}
rCorr   .            (no gloves)
SInv    +            (no barding)
Will    +....        (no amulet)
Stlth   ++++         m - +4 ring of slaying {mikee}
HPRegen 0.36/turn    o - +4 ring of protection
MPRegen 0.13/turn

%: no passive effects
@: lethally poisoned (-1 -> -3), about to teleport, short of breath, heroic,
very slow
A: AC +3, large, see invisible, deformed body, poison resistance, slowness 2,
spit poison 1, naga tail 1, screaming 1
a: Spit Poison, Renounce Religion, Heroism


You were on level 9 of the Dungeon.
You worshipped Okawaru.
Okawaru was pleased with you.
You visited 1 branch of the dungeon, and saw 9 of its levels.

You collected 1069 gold pieces.


Innate Abilities, Weirdness & Mutations

Your serpentine skin is tough. (AC +3)
You have supernaturally acute eyesight. (SInv)
Armour fits poorly on your strangely shaped body.
Your system is resistant to poisons. (rPois)
You cover ground very slowly.
You can spit poison.
You have a snake-like lower body.
You occasionally shout uncontrollably at your foes.


   Skills:
 - Level 8.0(13.0) Fighting
 + Level 11.5(16.5) Ranged Weapons
 - Level 4.3(9.3) Dodging
 - Level 1.5(6.5) Stealth
 - Level 4.1 Invocations


You had 9 spell levels left.
You didn't know any spells.
Your spell library was empty.

Inventory:

Hand Weapons
 Y - a +1 orcbow (weapon)
Armour
 c - +0 steam dragon scales
 d - a scarf of resistance (worn)
 g - a +2 robe of cold resistance (worn)
 i - a +0 cloak
Jewellery
 m - a +4 ring of slaying (left hand) {mikee}
 o - a +4 ring of protection (right hand)
Scrolls
 b - a scroll of identify
 j - a scroll of teleportation
Potions
 a - 2 potions of resistance
 h - 4 potions of curing
 k - a potion of degeneration {unknown}
 l - a potion of mutation
 n - 3 potions of heal wounds

Dungeon Overview and Level Annotations

Branches:
Dungeon (9/15)             Temple (0/1) D:5
   Lair: D:8-11         Orc: D:9-12

Altars:
Elyvilon
Kikubaaqudgha
Okawaru
Ru
Zin
The Shining One

Annotations:
D:7 1 runed translucent door, Crazy Yiuf


Message History

You shoot an arrow. The arrow hits the two-headed ogre!
The two-headed ogre is almost dead.
You feel sick. The water moccasin bites you.
The two-headed ogre hits you with a +0 dire flail!
The two-headed ogre misses you. The iguana misses you.
The yak closely misses you.
A yak comes into view.
You yell at the yak!
You hear an angry hiss. x2
You shoot an arrow. The arrow hits the two-headed ogre!
You kill the two-headed ogre!
Okawaru accepts your kill.
You feel sick. The water moccasin bites you.
You shoot an arrow. The arrow hits the water moccasin!!
The water moccasin is severely wounded.
You have got your breath back.
You feel sick. The water moccasin closely misses you.
The iguana bites you but does no damage.
The yak snorts and paws the ground.
The yak barely misses you.
8982 ||| INVOKING Spit Poison.
Aiming: Spit Poison (1% risk of failure)
Press: ? - help, Shift-Dir - straight line, f - yak, p - water moccasin The splash of poison hits the yak!
The yak is poisoned.
The yak is heavily wounded.
You feel sick. The water moccasin misses you. The water moccasin bites you.
The iguana misses you. The yak gores you but does no damage.
The yak misses you.
A scorpion comes into view.
The water moccasin bites you but does no damage.
You shoot an arrow. The arrow hits the water moccasin.
The water moccasin is almost dead.
The water moccasin bites you! The iguana bites you. The yak misses you.
The yak gores you but does no damage. The water moccasin closely misses you.
8984 ||| READING 2 scrolls of teleportation.
As you read the scroll of teleportation, it crumbles to dust.
You feel strangely unstable.
You feel sick. The water moccasin misses you.
The water moccasin bites you but does no damage.
The iguana closely misses you. The yak gores you! The yak gores you.
You die...

....P.. .. ........ .#
..... ..s....##.# .
..(... ##........###..
.......
.....#Y........ .....#
#....%.l.......
....####.#..SYY......
##..##..##ll@8.8.8..
#....<...<.S........
#...%.......#8.8(8##
##...........##.....#
#........%...........
#.........#.#........
##.........###........
#............##.......
#............# ..##...


You could see 3 yaks, 2 water moccasins, a wyvern, a scorpion and 2 iguanas.

Vanquished Creatures
  A two-headed ogre (D:9)
  Pikel (D:7)
  2 wyverns (D:9)
  5 yaks (D:9)
  A steam dragon (D:8)
  An acid dragon (D:8)
  Duvessa (D:5)
  3 water moccasins
  An ice beast (D:6)
  A black bear (D:6)
  4 sky beasts
  An ogre (D:5)
  4 lemures
  2 centaurs
  3 phantoms
  A gnoll sergeant (D:5)
  3 bullfrogs
  A scorpion (D:6)
  Dowan (D:5)
  4 howler monkeys (D:8)
  7 hounds
  3 jellies
  A gnoll bouda (D:8)
  4 orc priests
  A sleepcap (D:8)
  5 iguanas
  7 orc wizards
  11 gnolls
  8 adders
  A shadow imp (D:7)
  A white imp (D:5)
  A worm (D:2)
  4 dart slugs
  24 orcs
  6 ball pythons
  4 bats
  15 endoplasms
  4 giant cockroaches
  8 goblins
  7 hobgoblins
  5 jackals
  6 kobolds
  4 quokkas
  2 frilled lizards
  6 rats
186 creatures vanquished.

Notes
Turn   | Place    | Note
-------+----------+-------------------------------------------
     0 | D:1      | qw the Naga Hunter began the quest for the Orb.
     0 | D:1      | Reached XP level 1. HP: 19/19 MP: 1/1
     0 | D:1      | 0 ||| qw: Version: 0.2-a-29-g511e9b1
     0 | D:1      | 0 ||| qw: Game counter: 5492
     0 | D:1      | 0 ||| qw: Always use a shield: true
     0 | D:1      | 0 ||| qw: God list: Okawaru
     0 | D:1      | 0 ||| qw: Allow faded altars: false
     0 | D:1      | 0 ||| qw: Do Orc after D:15 true
     0 | D:1      | 0 ||| qw: Do second Lair branch before Depths: true
     0 | D:1      | 0 ||| qw: Lair rune preference: random
     0 | D:1      | 0 ||| qw: Plans: Normal
     0 | D:1      | 0 ||| PLANNING D:1-11
    33 | D:1      | 33 ||| INVOKING Spit Poison.
    50 | D:1      | 50 ||| INVOKING Spit Poison.
    57 | D:1      | 57 ||| INVOKING Spit Poison.
    60 | D:1      | 60 ||| INVOKING Spit Poison.
   221 | D:1      | Reached skill level 4 in Ranged Weapons
   221 | D:1      | Reached XP level 2. HP: 26/26 MP: 2/2
   240 | D:1      | 240 ||| INVOKING Spit Poison.
   259 | D:1      | Found a faded altar of an unknown god.
   280 | D:1      | 280 ||| INVOKING Spit Poison.
   299 | D:1      | 299 ||| INVOKING Spit Poison.
   550 | D:1      | 550 ||| INVOKING Spit Poison.
   556 | D:1      | 556 ||| INVOKING Spit Poison.
   560 | D:1      | 560 ||| INVOKING Spit Poison.
   661 | D:1      | 661 ||| READING scroll labelled HILUEH VI ZUE.
   662 | D:1      | 662 ||| READING scroll labelled MEECAA BENI.
   663 | D:1      | 663 ||| READING scroll labelled JEJOKHLUODE.
   664 | D:1      | 664 ||| DRINKING 2 fizzy emerald potions.
   665 | D:1      | 665 ||| DROPPING scroll of butterflies.
   721 | D:2      | 721 ||| INVOKING Spit Poison.
   727 | D:2      | 727 ||| INVOKING Spit Poison.
   752 | D:2      | 752 ||| INVOKING Spit Poison.
   753 | D:2      | Reached XP level 3. HP: 32/32 MP: 3/3
   757 | D:2      | 757 ||| INVOKING Spit Poison.
   761 | D:2      | 761 ||| INVOKING Spit Poison.
   817 | D:2      | 817 ||| INVOKING Spit Poison.
   893 | D:2      | 893 ||| INVOKING Spit Poison.
   938 | D:2      | 938 ||| INVOKING Spit Poison.
  1097 | D:2      | 1097 ||| INVOKING Spit Poison.
  1238 | D:2      | Reached skill level 5 in Ranged Weapons
  1240 | D:2      | 1240 ||| INVOKING Spit Poison.
  1242 | D:2      | Reached XP level 4. HP: 39/39 MP: 4/4
  1324 | D:2      | 1324 ||| INVOKING Spit Poison.
  1515 | D:2      | 1515 ||| UPGRADING to +0 cloak.
  1520 | D:2      | 1520 ||| UPGRADING to ring of resist corrosion.
  1521 | D:2      | 1521 ||| READING scroll labelled PUOQU WEHAU.
  1522 | D:2      | 1522 ||| READING scroll labelled CEKEOGAYKICW.
  1527 | D:2      | 1527 ||| READING scroll labelled ULAJUFU HUSOSE.
  1527 | D:2      | Identified a scroll of acquirement
  1527 | D:2      | 1527 ||| ACQUIRING 654 gold pieces
  1527 | D:2      | Acquired 654 gold pieces
  1529 | D:2      | 1529 ||| READING 2 scrolls labelled VUNEIS ETROUM.
  1530 | D:2      | 1530 ||| READING scroll labelled HUSTEA XEILI.
  1531 | D:2      | 1531 ||| DROPPING scroll of vulnerability.
  1771 | D:3      | 1771 ||| INVOKING Spit Poison.
  1851 | D:3      | 1851 ||| INVOKING Spit Poison.
  1883 | D:3      | 1883 ||| INVOKING Spit Poison.
  1888 | D:3      | 1888 ||| INVOKING Spit Poison.
  1889 | D:3      | Reached skill level 3 in Fighting
  1980 | D:3      | Found a white marble altar of Elyvilon.
  1980 | D:3      | Found an ancient bone altar of Kikubaaqudgha.
  2011 | D:3      | Found a glowing golden altar of the Shining One.
  2097 | D:3      | 2097 ||| INVOKING Spit Poison.
  2111 | D:3      | 2111 ||| INVOKING Spit Poison.
  2117 | D:3      | 2117 ||| INVOKING Spit Poison.
  2197 | D:3      | 2197 ||| INVOKING Spit Poison.
  2224 | D:3      | 2224 ||| INVOKING Spit Poison.
  2230 | D:3      | Reached XP level 5. HP: 40/49 MP: 5/5
  2296 | D:3      | 2296 ||| INVOKING Spit Poison.
  2465 | D:3      | 2465 ||| INVOKING Spit Poison.
  2626 | D:3      | 2626 ||| READING scroll labelled SAISTR SYINWEH.
  2627 | D:3      | 2627 ||| DRINKING 2 green potions.
  2655 | D:4      | 2655 ||| INVOKING Spit Poison.
  2658 | D:4      | 2658 ||| INVOKING Spit Poison.
  2661 | D:4      | 2661 ||| STAIRDANCE
  2664 | D:3      | 2664 ||| INVOKING Spit Poison.
  2733 | D:4      | 2733 ||| INVOKING Spit Poison.
  2734 | D:4      | 2734 ||| STAIRDANCE
  2736 | D:3      | 2736 ||| INVOKING Spit Poison.
  2799 | D:4      | 2799 ||| STAIRDANCE
  2801 | D:3      | 2801 ||| INVOKING Spit Poison.
  2803 | D:3      | HP: 10/49 [iguana (13)]
  2804 | D:3      | 2804 ||| DRINKING potion of heal wounds.
  2807 | D:3      | Reached skill level 6 in Ranged Weapons
  2808 | D:3      | 2808 ||| INVOKING Spit Poison.
  2812 | D:3      | Reached XP level 6. HP: 32/56 MP: 6/6
  2931 | D:4      | 2931 ||| INVOKING Spit Poison.
  2934 | D:4      | 2934 ||| INVOKING Spit Poison.
  2954 | D:4      | 2954 ||| INVOKING Spit Poison.
  2959 | D:4      | 2959 ||| INVOKING Spit Poison.
  2962 | D:4      | Noticed a sky beast
  2966 | D:4      | 2966 ||| INVOKING Spit Poison.
  2972 | D:4      | Killed a sky beast
  2973 | D:4      | 2973 ||| INVOKING Spit Poison.
  3056 | D:4      | 3056 ||| INVOKING Spit Poison.
  3076 | D:4      | Found an iron altar of Okawaru.
  3077 | D:4      | 3077 ||| PLANNING OKAWARU WORSHIP
  3077 | D:4      | 3077 ||| UPGRADING to scarf of resistance.
  3087 | D:4      | 3087 ||| INVOKING Spit Poison.
  3090 | D:4      | 3090 ||| INVOKING Spit Poison.
  3095 | D:4      | 3095 ||| INVOKING Spit Poison.
  3102 | D:4      | 3102 ||| READING scroll labelled NOAMEINGOOBB.
  3110 | D:4      | Became a worshipper of Warmaster Okawaru
  3111 | D:4      | 3111 ||| PLANNING D:1-11
  3117 | D:4      | 3117 ||| INVOKING Spit Poison.
  3120 | D:4      | 3120 ||| INVOKING Spit Poison.
  3123 | D:4      | 3123 ||| Stepping ~*~*~tactically~*~*~ (outnumbered).
  3125 | D:4      | 3125 ||| INVOKING Spit Poison.
  3130 | D:4      | 3130 ||| INVOKING Spit Poison.
  3193 | D:4      | Reached XP level 7. HP: 61/66 MP: 7/7
  3274 | D:4      | Found a sacrificial altar of Ru.
  3366 | D:4      | 3366 ||| INVOKING Spit Poison.
  3381 | D:4      | 3381 ||| INVOKING Spit Poison.
  3386 | D:4      | 3386 ||| INVOKING Spit Poison.
  3392 | D:4      | 3392 ||| INVOKING Spit Poison.
  3394 | D:4      | 3394 ||| Stepping ~*~*~tactically~*~*~ (outnumbered).
  3395 | D:4      | 3395 ||| INVOKING Spit Poison.
  3403 | D:4      | 3403 ||| INVOKING Spit Poison.
  3407 | D:4      | 3407 ||| INVOKING Spit Poison.
  3459 | D:4      | 3459 ||| INVOKING Spit Poison.
  3467 | D:4      | 3467 ||| INVOKING Spit Poison.
  3669 | D:4      | 3669 ||| UPGRADING to +4 ring of protection.
  3670 | D:4      | 3670 ||| READING 2 scrolls of identify.
  3670 | D:4      | 3670 ||| IDENTIFYING sapphire potion
  3671 | D:4      | 3671 ||| DROPPING potion of invisibility.
  3689 | D:5      | Entered Level 5 of the Dungeon
  3775 | D:5      | 3775 ||| INVOKING Spit Poison.
  3779 | D:5      | 3779 ||| INVOKING Spit Poison.
  3804 | D:5      | 3804 ||| INVOKING Spit Poison.
  3831 | D:5      | 3831 ||| INVOKING Spit Poison.
  3836 | D:5      | 3836 ||| INVOKING Spit Poison.
  3836 | D:5      | Reached * piety under Okawaru
  3837 | D:5      | Reached skill level 7 in Ranged Weapons
  3849 | D:5      | 3849 ||| INVOKING Heroism.
  4056 | D:5      | Found a staircase to the Ecumenical Temple.
  4060 | D:5      | Identified the +0 ring mail of Filth {rElec rN+ Will+
                  | Dex-4}
  4070 | D:5      | 4070 ||| INVOKING Spit Poison.
  4076 | D:5      | 4076 ||| INVOKING Spit Poison.
  4077 | D:5      | 4077 ||| INVOKING Heroism.
  4080 | D:5      | 4080 ||| INVOKING Spit Poison.
  4086 | D:5      | HP: 14/66 [gnoll sergeant/+0 spear (8)]
  4087 | D:5      | 4087 ||| READING scroll of teleportation.
  4088 | D:5      | 4088 ||| DRINKING potion of heal wounds.
  4089 | D:5      | 4089 ||| INVOKING Spit Poison.
  4277 | D:5      | 4277 ||| INVOKING Spit Poison.
  4282 | D:5      | Reached XP level 8. HP: 73/73 MP: 8/8
  4330 | D:5      | 4330 ||| INVOKING Heroism.
  4331 | D:5      | 4331 ||| INVOKING Spit Poison.
  4337 | D:5      | 4337 ||| INVOKING Spit Poison.
  4345 | D:5      | 4345 ||| INVOKING Spit Poison.
  4348 | D:5      | 4348 ||| INVOKING Spit Poison.
  4349 | D:5      | Reached skill level 8 in Ranged Weapons
  4467 | D:5      | 4467 ||| INVOKING Spit Poison.
  4477 | D:5      | 4477 ||| INVOKING Spit Poison.
  4482 | D:5      | 4482 ||| INVOKING Spit Poison.
  4532 | D:5      | Noticed Duvessa
  4533 | D:5      | 4533 ||| INVOKING Heroism.
  4535 | D:5      | Noticed Dowan
  4536 | D:5      | 4536 ||| INVOKING Spit Poison.
  4545 | D:5      | 4545 ||| INVOKING Spit Poison.
  4548 | D:5      | 4548 ||| INVOKING Spit Poison.
  4551 | D:5      | 4551 ||| INVOKING Spit Poison.
  4554 | D:5      | 4554 ||| INVOKING Spit Poison.
  4556 | D:5      | Killed Duvessa
  4557 | D:5      | 4557 ||| INVOKING Heroism.
  4561 | D:5      | 4561 ||| INVOKING Spit Poison.
  4563 | D:5      | Killed Dowan
  4830 | D:5      | 4830 ||| INVOKING Spit Poison.
  4836 | D:5      | 4836 ||| INVOKING Spit Poison.
  4839 | D:5      | 4839 ||| INVOKING Spit Poison.
  4866 | D:5      | 4866 ||| DROPPING +0 ring mail of Filth {rElec rN+ Will+
                  | Dex-4}.
  4867 | D:5      | 4867 ||| DROPPING amulet of guardian spirit.
  4868 | D:5      | 4868 ||| READING 2 scrolls of identify.
  4868 | D:5      | 4868 ||| IDENTIFYING ruby potion
  4869 | D:5      | 4869 ||| DROPPING potion of brilliance.
  4888 | D:6      | 4888 ||| INVOKING Heroism.
  4889 | D:6      | 4889 ||| INVOKING Spit Poison.
  4897 | D:6      | 4897 ||| INVOKING Spit Poison.
  4901 | D:6      | 4901 ||| INVOKING Spit Poison.
  4906 | D:6      | 4906 ||| INVOKING Spit Poison.
  4907 | D:6      | 4907 ||| INVOKING Heroism.
  4910 | D:6      | 4910 ||| INVOKING Spit Poison.
  4911 | D:6      | Reached skill level 9 in Ranged Weapons
  4914 | D:6      | 4914 ||| INVOKING Spit Poison.
  4929 | D:6      | 4929 ||| INVOKING Heroism.
  4930 | D:6      | 4930 ||| INVOKING Heroism.
  4931 | D:6      | 4931 ||| INVOKING Spit Poison.
  4935 | D:6      | 4935 ||| INVOKING Spit Poison.
  4943 | D:6      | 4943 ||| INVOKING Spit Poison.
  4948 | D:6      | Reached skill level 3 in Dodging
  4948 | D:6      | 4948 ||| INVOKING Heroism.
  4949 | D:6      | 4949 ||| INVOKING Spit Poison.
  5157 | D:6      | 5157 ||| INVOKING Spit Poison.
  5256 | D:6      | 5256 ||| UPGRADING to +0 orcbow.
  5257 | D:6      | 5257 ||| DROPPING +1 shortbow.
  5319 | D:6      | 5319 ||| INVOKING Spit Poison.
  5321 | D:6      | Reached skill level 1 in Invocations
  5324 | D:6      | 5324 ||| INVOKING Spit Poison.
  5329 | D:6      | 5329 ||| INVOKING Heroism.
  5330 | D:6      | 5330 ||| INVOKING Spit Poison.
  5332 | D:6      | Reached skill level 6 in Fighting
  5332 | D:6      | Reached XP level 9. HP: 50/82 MP: 6/9
  5466 | D:6      | 5466 ||| INVOKING Spit Poison.
  5722 | D:6      | 5722 ||| INVOKING Heroism.
  6172 | D:6      | 6172 ||| READING scroll labelled GAMUH BIBETS.
  6173 | D:6      | 6173 ||| DRINKING 2 sedimented green potions.
  6173 | D:6      | Gained mutation: You occasionally shout uncontrollably at
                  | your foes. [potion of mutation]
  6173 | D:6      | Gained mutation: Your tail ends in a venomous barb. [potion
                  | of mutation]
  6173 | D:6      | Lost mutation: Your tail ends in a venomous barb. [potion
                  | of mutation]
  6174 | D:6      | 6174 ||| READING 4 scrolls of identify.
  6174 | D:6      | 6174 ||| IDENTIFYING bubbling silvery potion
  6175 | D:6      | 6175 ||| READING 3 scrolls of identify.
  6175 | D:6      | 6175 ||| IDENTIFYING glowing puce potion
  6176 | D:6      | 6176 ||| READING 2 scrolls of identify.
  6176 | D:6      | 6176 ||| IDENTIFYING fuming brown potion
  6177 | D:6      | 6177 ||| DROPPING potion of lignification.
  6178 | D:6      | 6178 ||| DROPPING potion of berserk rage.
  6233 | D:7      | Noticed Pikel
  6234 | D:7      | 6234 ||| INVOKING Heroism.
  6235 | D:7      | 6235 ||| INVOKING Spit Poison.
  6240 | D:7      | 6240 ||| INVOKING Spit Poison.
  6247 | D:7      | 6247 ||| INVOKING Spit Poison.
  6251 | D:7      | 6251 ||| INVOKING Spit Poison.
  6255 | D:7      | 6255 ||| INVOKING Spit Poison.
  6258 | D:7      | 6258 ||| STAIRDANCE
  6260 | D:6      | 6260 ||| INVOKING Spit Poison.
  6414 | D:7      | 6414 ||| Stepping ~*~*~tactically~*~*~ (outnumbered).
  6415 | D:7      | 6415 ||| INVOKING Spit Poison.
  6417 | D:7      | 6417 ||| Stepping ~*~*~tactically~*~*~ (outnumbered).
  6422 | D:7      | 6422 ||| INVOKING Spit Poison.
  6428 | D:7      | 6428 ||| INVOKING Spit Poison.
  6465 | D:7      | 6465 ||| INVOKING Spit Poison.
  6697 | D:7      | 6697 ||| INVOKING Spit Poison.
  6703 | D:7      | 6703 ||| INVOKING Spit Poison.
  6703 | D:7      | Killed Pikel
  6704 | D:7      | Reached skill level 10 in Ranged Weapons
  6736 | D:7      | Found a runed translucent door.
  6737 | D:7      | Noticed Crazy Yiuf
  6830 | D:7      | 6830 ||| INVOKING Spit Poison.
  6855 | D:7      | 6855 ||| INVOKING Spit Poison.
  6861 | D:7      | 6861 ||| INVOKING Spit Poison.
  6954 | D:7      | 6954 ||| Stepping ~*~*~tactically~*~*~ (outnumbered).
  6956 | D:7      | 6956 ||| INVOKING Spit Poison.
  6961 | D:7      | 6961 ||| INVOKING Spit Poison.
  7153 | D:7      | Found a glowing silver altar of Zin.
  7193 | D:7      | 7193 ||| INVOKING Spit Poison.
  7197 | D:7      | 7197 ||| INVOKING Spit Poison.
  7208 | D:7      | 7208 ||| INVOKING Spit Poison.
  7213 | D:7      | 7213 ||| INVOKING Spit Poison.
  7284 | D:7      | 7284 ||| INVOKING Spit Poison.
  7288 | D:7      | 7288 ||| INVOKING Spit Poison.
  7291 | D:7      | 7291 ||| INVOKING Spit Poison.
  7294 | D:7      | Reached skill level 3 in Invocations
  7441 | D:7      | 7441 ||| INVOKING Spit Poison.
  7805 | D:7      | 7805 ||| UPGRADING to +2 robe of cold resistance.
  7815 | D:7      | 7815 ||| DROPPING +0 leather armour.
  7816 | D:7      | 7816 ||| DROPPING ring of ice.
  7817 | D:7      | 7817 ||| UPGRADING to +4 ring of slaying {mikee}.
  7819 | D:7      | 7819 ||| DROPPING ring of resist corrosion.
  7875 | D:8      | 7875 ||| INVOKING Heroism.
  7876 | D:8      | 7876 ||| INVOKING Spit Poison.
  7898 | D:8      | 7898 ||| READING scroll of enchant weapon.
  7898 | D:8      | 7898 ||| ENCHANTING +0 orcbow.
  7904 | D:8      | Identified the +1 pair of boots of Privacy {*Slow Str+2
                  | Int+3}
  8067 | D:8      | 8067 ||| INVOKING Heroism.
  8068 | D:8      | 8068 ||| INVOKING Spit Poison.
  8077 | D:8      | 8077 ||| INVOKING Spit Poison.
  8124 | D:8      | 8124 ||| INVOKING Spit Poison.
  8128 | D:8      | 8128 ||| INVOKING Heroism.
  8130 | D:8      | Reached XP level 10. HP: 61/92 MP: 10/13
  8131 | D:8      | 8131 ||| INVOKING Spit Poison.
  8233 | D:8      | 8233 ||| INVOKING Spit Poison.
  8236 | D:8      | 8236 ||| INVOKING Spit Poison.
  8240 | D:8      | 8240 ||| INVOKING Spit Poison.
  8241 | D:8      | Reached ** piety under Okawaru
  8438 | D:8      | 8438 ||| INVOKING Heroism.
  8528 | D:8      | 8528 ||| INVOKING Spit Poison.
  8529 | D:8      | 8529 ||| INVOKING Spit Poison.
  8627 | D:8      | 8627 ||| INVOKING Spit Poison.
  8633 | D:8      | 8633 ||| INVOKING Spit Poison.
  8638 | D:8      | 8638 ||| INVOKING Spit Poison.
  8686 | D:8      | 8686 ||| READING scroll labelled YTRYCEYHOX.
  8856 | D:9      | 8856 ||| INVOKING Spit Poison.
  8862 | D:9      | 8862 ||| INVOKING Spit Poison.
  8867 | D:9      | 8867 ||| INVOKING Spit Poison.
  8869 | D:9      | Reached skill level 11 in Ranged Weapons
  8872 | D:9      | 8872 ||| INVOKING Spit Poison.
  8877 | D:9      | 8877 ||| INVOKING Spit Poison.
  8966 | D:9      | 8966 ||| INVOKING Spit Poison.
  8969 | D:9      | Noticed a two-headed ogre
  8970 | D:9      | 8970 ||| INVOKING Heroism.
  8972 | D:9      | 8972 ||| INVOKING Spit Poison.
  8980 | D:9      | Killed a two-headed ogre
  8982 | D:9      | 8982 ||| INVOKING Spit Poison.
  8983 | D:9      | HP: 21/96 [water moccasin (7)]
  8984 | D:9      | 8984 ||| READING 2 scrolls of teleportation.
  8984 | D:9      | HP: 5/96 [yak (11)]
  8984 | D:9      | Slain by a yak

Levels and vault maps discovered:
D:1:      saegor_arrival_simple_e, layout_loops_ring,
          hellmonk_ecumenical_altar_heavens_door, minmay_tetromino_l4
D:2:      layout_basic, chequers_serial_rivers_small_b
D:3:      minmay_bubble_buster, layout_loops_corners,
          mainiacjoe_overflow_six_doors_small,
          mainiacjoe_overflow_large_starburst
D:4:      layout_basic, nicolae_ru_sacrificial_ziggurat, okawaru_trees_1,
          minmay_circle_x
D:5:      layout_cave_pods, minmay_temple_entry_waves, minmay_curled_crystal,
          uniq_duvessa
D:6:      layout_basic, nicolae_concentric_dashed_squares_wild
D:7:      layout_layer_cave, kennysheep_little_box, uniq_crazy_yiuf_cottage,
          uniq_pikel
D:8:      layout_loops_ring, enter_bailey_4, kennysheep_cross_room
D:9:      layout_cave_pools, minmay_lair_entry_grove, serial_column_ruins,
          column_ruins_pillar_1, column_ruins_pillar_1, column_ruins_pillar_2,
          column_ruins_pillar_3, column_ruins_pillar_6, column_ruins_pillar_4,
          column_ruins_pillar_1, column_ruins_pillar_3, column_ruins_pillar_2,
          column_ruins_pillar_2, column_ruins_pillar_7, column_ruins_pillar_9,
          column_ruins_pillar_3, column_ruins_pillar_1, column_ruins_pillar_7,
          column_ruins_pillar_3, column_ruins_pillar_4, column_ruins_pillar_1,
          column_ruins_pillar_2, column_ruins_pillar_2, billiards_dpeg

Skill      XL: |  1  2  3  4  5  6  7  8  9 10 |
---------------+-------------------------------+-----
Ranged Weapons | 4 5 6 7 9 10 11 | 11.5
Fighting       | 3 4 6 8 |  8.0
Dodging        | 2 3 4 |  4.3
Invocations    | 1 4 |  4.1
Stealth        | |  1.5

Action                     |  1- 3 |  4- 6 |  7- 9 | 10-12 || total
---------------------------+-------+-------+-------+-------++-------
   Fire: Shortbow          |    49 |   106 |   202 |       ||   357
         Orcbow            |       |       |   128 |    69 ||   197
 Invoke: Heroism           |       |       |    15 |     2 ||    17
Ability: Spit Poison       |    20 |    33 |    79 |    16 ||   148
    Use: Scroll            |     3 |     7 |     8 |     2 ||    20
         Potion            |     1 |     2 |     2 |       ||     5
 Armour: Leather armour    |     5 |    23 |    67 |       ||    95
         Robe              |       |       |       |    24 ||    24
  Dodge: Dodged            |     7 |    42 |   133 |    43 ||   225

Table legend:
 A = Non-vault XP
 B = Vault XP
 C = Vault XP percentage of total XP
 D = Non-vault monster count
 E = Vault monster count
 F = Vault count percentage of total count
                 A         B        C        D         E       F
            +---------+---------+-------+---------+---------+-------
      Total |    6015 |    1549 |  20.5 |     150 |      32 |  17.6
            +---------+---------+-------+---------+---------+-------
        D:1 |      22 |       7 |  24.1 |      11 |       4 |  26.7
        D:2 |      58 |       0 |   0.0 |      17 |       0 |   0.0
        D:3 |     219 |      36 |  14.1 |      15 |      11 |  42.3
        D:4 |     424 |      11 |   2.5 |      29 |       6 |  17.1
        D:5 |     626 |     211 |  25.2 |      19 |       2 |   9.5
        D:6 |    1122 |       0 |   0.0 |      20 |       0 |   0.0
        D:7 |     643 |     641 |  49.9 |      16 |       1 |   5.9
        D:8 |    1139 |      11 |   1.0 |      17 |       5 |  22.7
        D:9 |    1762 |     632 |  26.4 |       6 |       3 |  33.3
            +---------+---------+-------+---------+---------+-------
